 Dungeon Crawl Stone Soup version 0.22.1-5-g62c59d9 (webtiles) character file.

3871 infcreate the Carver (level 10, 0/77 HPs)
             Began as a Human Berserker on Jan 11, 2019.
             Was a High Priest of Trog.
             Slain by a crocodile (3 damage)
             ... on level 8 of the Dungeon.
             The game lasted 00:36:29 (9492 turns).

infcreate the Carver (Human Berserker)              Turns: 9492, Time: 00:36:30

Health: 0/77       AC: 11    Str: 20    XL:     10   Next: 42%
Magic:  10/10      EV: 12    Int:  8    God:    Trog [*****.]
Gold:   410        SH:  0    Dex: 13    Spells: 9/9 levels left

rFire    . . .     SeeInvis .   a - +0 falchion
rCold    . . .     Gourm    .   (no shield)
rNeg     . . .     Faith    .   h - +2 scale mail {rPois}
rPois    +         Spirit   .   (no helmet)
rElec    .         Reflect  .   (no cloak)
rCorr    .         Harm     .   l - +0 pair of gloves
MR       .....                  (no boots)
Stlth    +.........             (no amulet)
HPRegen  0.22/turn              n - ring of stealth
MPRegen  0.12/turn              (no ring)

@: no status effects
A: no striking features
a: Berserk, Trog's Hand, Brothers in Arms, Renounce Religion


You were on level 8 of the Dungeon.
You worshipped Trog.
Trog was extremely pleased with you.
You were not hungry.

You visited 1 branch of the dungeon, and saw 8 of its levels.
You also visited: Ossuary.

You collected 410 gold pieces.

Inventory:

Hand Weapons
 a - a +0 falchion (weapon)
Armour
 h - a +2 scale mail of poison resistance (worn)
 l - a +0 pair of gloves (worn)
 B - a +1 chain mail of fire resistance
Jewellery
 n - a ring of stealth (left hand)
 C - an uncursed ring of fire
Wands
 G - a wand of paralysis (12)
Scrolls
 e - 3 scrolls of enchant armour
 f - 9 scrolls of identify
 j - 8 scrolls of remove curse
 m - 5 scrolls of teleportation
 o - 5 scrolls of magic mapping {unknown}
 p - 4 scrolls of enchant weapon
 v - a scroll of vulnerability {unknown}
 w - 2 scrolls of amnesia {unknown}
 y - 2 scrolls of immolation {unknown}
 A - a scroll of fear {unknown}
 E - a scroll of silence {unknown}
Potions
 b - 2 potions of might {unknown}
 d - 6 potions of curing {unknown}
 g - a potion of haste {unknown}
 i - a potion of berserk rage
 k - a potion of lignification {unknown}
 q - 3 potions of agility {unknown}
 r - 5 potions of flight {unknown}
 s - a potion of invisibility {unknown}
 t - a potion of heal wounds
 u - a potion of brilliance {unknown}
 x - 3 potions of resistance {unknown}
 z - a potion of magic {unknown}
 D - 2 potions of mutation {unknown}
Comestibles
 c - 8 rations
 F - 5 chunks of flesh


   Skills:
 + Level 6.9 Fighting
 + Level 10.0 Long Blades
 + Level 7.5 Armour
 + Level 5.3 Dodging


You had 9 spell levels left.
You didn't know any spells.
Your spell library was empty.

Dungeon Overview and Level Annotations

Branches:
Dungeon (8/15)             Temple (0/1) D:7
   Lair: D:8-11

Altars:
Cheibriados
Elyvilon
Nemelex Xobeh
Qazlal
Ru


Message History

You hit the crocodile but do no damage.
The crocodile is heavily wounded.
The crocodile bites you but does no damage.
You hit the crocodile but do no damage.
The crocodile is heavily wounded.
You hit the crocodile.
The crocodile is heavily wounded.
The crocodile closely misses you.
You closely miss the crocodile.
The crocodile is heavily wounded.
The crocodile bites you!
* * * LOW HITPOINT WARNING * * *
You hit the crocodile.
The crocodile is severely wounded.
The crocodile bites you!
* * * LOW HITPOINT WARNING * * *
You closely miss the crocodile.
The crocodile is severely wounded.
The crocodile bites you.
You die...

#.##.##.#
####.##.##.#
...........#
####.##.#### #.#
#.### #†#.##
#######....##
.##......t@...##
........†......#
..>.#####.....##
.# ##...## ##.##
#.# #.# .#


You could see a crocodile.

Vanquished Creatures
  A wyvern (D:8)
  Eustachio (D:4)
  A basilisk (D:8)
  Grum (D:7)
  2 orc warriors
  A black bear (D:6)
  A sky beast (D:7)
  A phantom (D:7)
  3 ogres
  2 wolves (D:8)
  3 centaurs
  A crocodile (D:7)
  Blork the orc (D:5)
  2 elf zombies (D:4)
  4 bullfrogs
  2 elf skeletons (D:4)
  5 killer bees (D:7)
  A howler monkey (D:6)
  A crimson imp (D:5)
  A quasit (D:6)
  A human zombie (D:4)
  A hound (D:4)
  3 human skeletons (D:4)
  3 orc priests
  Jessica (D:3)
  5 bullfrog skeletons
  An iguana (D:7)
  Ijyb (D:3)
  3 worker ants
  Natasha (D:3)
  6 orc wizards
  A killer bee zombie (D:6)
  A hound zombie (D:6)
  11 mummies (Ossuary)
  A hound skeleton (D:4)
  7 gnolls
  12 adders
  4 oozes
  2 adder skeletons
  3 worms
  A dart slug (D:3)
  3 leopard geckos
  27 orcs
  4 ball pythons
  6 bats
  10 giant cockroaches
  7 goblins
  2 hobgoblins (D:1)
  5 jackals
  8 quokkas
  4 frilled lizards
  5 goblin skeletons (Ossuary)
  7 kobolds
  2 leopard gecko zombies (D:5)
  4 orc skeletons
  An orc zombie (D:4)
  11 rats
  11 rat skeletons (Ossuary)
  A plant (D:4)
222 creatures vanquished.

Vanquished Creatures (others)
  A goblin skeleton (Ossuary)
  3 bushes (D:8)
  6 fungi (D:8)
  24 plants (D:8)
34 creatures vanquished.

Grand Total: 256 creatures vanquished

Notes
Turn   | Place    | Note
-------+----------+-------------------------------------------
     0 | D:1      | infcreate the Human Berserker began the quest for the Orb.
     0 | D:1      | Reached XP level 1. HP: 18/18 MP: 1/1
    86 | D:1      | Reached XP level 2. HP: 20/24 MP: 2/2
   500 | D:1      | Reached XP level 3. HP: 27/29 MP: 3/3
  1109 | D:1      | Reached XP level 4. HP: 35/36 MP: 4/4
  1209 | D:2      | Reached ** piety under Trog
  1227 | D:2      | Found a stormy altar of Qazlal.
  1227 | D:2      | Noticed a water elemental
  1237 | D:2      | Noticed an earth elemental
  1251 | D:2      | Noticed a fire elemental
  1315 | D:2      | Noticed an air elemental
  1353 | D:2      | Reached skill level 4 in Long Blades
  1401 | D:2      | Reached XP level 5. HP: 37/42 MP: 5/5
  1439 | D:3      | Noticed Ijyb
  1517 | D:3      | Killed Ijyb
  1767 | D:3      | Found a sparkling altar of Nemelex Xobeh.
  2164 | D:3      | Noticed Jessica
  2299 | D:3      | Reached XP level 6. HP: 47/48 MP: 6/6
  2393 | D:3      | Killed Jessica
  2547 | D:3      | Noticed Natasha
  2563 | D:3      | Killed Natasha
  2563 | D:3      | Reached *** piety under Trog
  2739 | D:4      | Reached skill level 5 in Long Blades
  2746 | D:4      | Noticed an ogre
  2757 | D:4      | Killed an ogre
  2793 | D:4      | Reached XP level 7. HP: 18/54 MP: 7/7
  2914 | D:4      | Noticed Eustachio
  2931 | D:4      | Killed Eustachio
  3057 | D:4      | Reached skill level 6 in Long Blades
  3181 | D:4      | Reached XP level 8. HP: 32/61 MP: 8/8
  3205 | D:4      | Reached skill level 5 in Fighting
  3207 | D:4      | Found a sand-covered staircase.
  3235 | Ossuary  | Entered an ossuary
  3508 | Ossuary  | Reached **** piety under Trog
  3600 | Ossuary  | Reached skill level 7 in Long Blades
  4292 | D:4      | Found a sacrificial altar of Ru.
  4715 | D:5      | Entered Level 5 of the Dungeon
  4764 | D:5      | Reached skill level 5 in Armour
  4896 | D:5      | Noticed Blork the orc
  4918 | D:5      | Killed Blork the orc
  4918 | D:5      | Reached XP level 9. HP: 29/68 MP: 9/9
  5336 | D:5      | Reached skill level 8 in Long Blades
  6095 | D:6      | Reached ***** piety under Trog
  6567 | D:6      | Found a snail-covered altar of Cheibriados.
  6567 | D:6      | Found a white marble altar of Elyvilon.
  6958 | D:6      | Reached skill level 9 in Long Blades
  7872 | D:7      | Reached XP level 10. HP: 49/76 MP: 10/10
  8081 | D:7      | Found a staircase to the Ecumenical Temple.
  8543 | D:7      | Reached skill level 5 in Dodging
  8981 | D:8      | HP: 5/115 [wolf[Grum] (3)]
  9077 | D:8      | Noticed Grum
  9337 | D:7      | Killed Grum
  9416 | D:8      | Reached skill level 10 in Long Blades
  9491 | D:8      | HP: 3/77 [crocodile (15)]
  9492 | D:8      | Slain by a crocodile

Skill      XL: |  1  2  3  4  5  6  7  8  9 10 |
---------------+-------------------------------+-----
Long Blades    | 4 5 6 7 9 10 | 10.0
Fighting       | 4 5 6 |  6.9
Armour         | 3 4 5 6 7 |  7.5
Dodging        | 3 4 5 |  5.3

Action                   |  1- 3 |  4- 6 |  7- 9 | 10-12 || total
-------------------------+-------+-------+-------+-------++-------
Melee: Falchion          |    77 |   248 |   816 |   218 ||  1359
Invok: Berserk           |       |     1 |     3 |     3 ||     7
       Trog's Hand       |       |       |       |     1 ||     1
  Use: Scroll            |       |     6 |     2 |       ||     8
  Eat: Chunk             |     1 |     7 |    14 |     8 ||    30
       Ration            |       |       |     2 |       ||     2
Armor: Animal skin       |     7 |       |       |       ||     7
       Ring mail         |    26 |    63 |       |       ||    89
       Scale mail        |       |    63 |   282 |    99 ||   444
Dodge: Dodged            |    50 |   150 |   364 |   124 ||   688
       Rpst.: Falchion   |    14 |    46 |   106 |    26 ||   192
